AoeStats
← Mito

Black Forest

503273860Analyzed
3v3 RM · 1mo ago on Aug 30, 2026· 129m 24s· 6 players
Game mode
Random Map
Map size
Normal (6 player)
Population
200
Speed
Normal
Resources
Standard
Victory
Conquest
Starting age
Dark Age
Ending age
Imperial Age
RankedLock teamsTeams togetherTeam positionsShared explorationLock speedFull tech treeHidden civsTurbo modeCheats
Victory
Defeat
🇹🇷 Koreans · Türkiye
1011
+14
🇹🇷 Cumans · Türkiye
1003
+14
🇹🇷 Huns · Türkiye
896
+19
🇺🇸 Vietnamese · United States
998
-17
🇺🇸 Vikings · United States
953
-15
🇺🇸 Britons · United States
943
-15
Hakim
9:16 Loom
11:16 Feudal Age
15:22 Fletching
31:02 Castle Age
28:58 Double-Bit Axe
30:08 Horse Collar
32:19 Bow Saw
31:38 Crossbowman
33:19 Thumb Ring
33:30 Bodkin Arrow
36:20 Imperial Age
35:16 Wheelbarrow
35:41 Heavy Plow
36:24 Ballistics
36:16 Masonry
36:09 Murder Holes
36:31 Gold Mining
36:32 Stone Mining
37:06 Hand Cart
38:15 Two-Man Saw
39:30 Gold Shaft Mining
39:36 Stone Mining
39:43 Arbalester
41:31 Chemistry
40:50 Bracer
46:35 Capped Ram
47:05 Heavy Rocket Cart
49:51 Architecture
53:26 Conscription
53:28 Shinkichon
74:16 Fortified Wall
74:12 Siege Engineers
73:47 Treadmill Crane
73:58 Heated Shot
78:42 Elite Skirmisher
94:51 Gambesons
95:06 Squires
94:52 Arson
94:29 Pikeman
95:37 Halberdier
96:27 Scale Mail Armor
96:38 Forging
99:01 Iron Casting
98:41 Chain Mail Armor
101:36 Plate Mail Armor
128:23 Spies/Treason
AXRINN
8:54 Loom
11:08 Feudal Age
15:36 Bloodlines
32:11 Castle Age
30:47 Double-Bit Axe
32:02 Wheelbarrow
31:20 Gold Mining
31:23 Stone Mining
31:19 Horse Collar
33:40 Forging
33:35 Scale Barding Armor
36:31 Hand Cart
36:54 Heavy Plow
37:07 Bow Saw
37:05 Scale Barding Armor
37:35 Iron Casting
36:27 Capped Ram
43:05 Imperial Age
41:40 Gold Shaft Mining
44:55 Blast Furnace
44:15 Chain Barding Armor
43:41 Elite Steppe Lancer
45:46 Chain Barding Armor
49:37 Town Watch
51:13 Plate Barding Armor
54:57 Crop Rotation
56:15 Siege Ram
83:39 Two-Man Saw
86:58 Coinage
99:49 Caravan
100:20 Banking
100:00 Guilds
128:40 Spies/Treason
Mito
10:58 Feudal Age
11:41 Double-Bit Axe
12:43 Loom
13:34 Wheelbarrow
17:52 Scale Mail Armor
17:58 Scale Barding Armor
18:05 Forging
23:05 Castle Age
21:02 Gold Mining
22:35 Stone Mining
26:36 Bow Saw
26:09 Horse Collar
29:30 Gold Shaft Mining
29:53 Chain Barding Armor
29:49 Chain Mail Armor
30:40 Hand Cart
33:33 Husbandry
39:45 Imperial Age
38:05 Iron Casting
41:35 Blast Furnace
41:10 Plate Barding Armor
43:13 Cavalier
44:44 Ballistics
44:35 Masonry
44:21 Murder Holes
46:19 Chemistry
55:05 Paladin
56:14 Heavy Plow
56:10 Pikeman
56:51 Squires
69:40 Elite Skirmisher
71:58 Fletching
72:09 Padded Archer Armor
103:30 Caravan
115:01 Arson
116:20 Halberdier
119:02 Man-at-Arms
Nazmonator
10:57 Feudal Age
16:21 Castle Age
14:10 Double-Bit Axe
15:10 Horse Collar
19:53 Bow Saw
28:36 Heavy Plow
28:36 Gold Mining
29:04 Elite Skirmisher
30:31 Forging
31:32 Stone Mining
32:52 Fletching
36:31 Imperial Age
34:34 Caravan
35:18 Chieftains
35:44 Padded Archer Armor
35:40 Bodkin Arrow
36:20 Iron Casting
35:46 Scale Mail Armor
35:51 Scale Barding Armor
37:12 Gold Shaft Mining
37:24 Leather Archer Armor
38:22 Two-Man Saw
37:54 Crop Rotation
37:29 Bracer
37:58 Imperial Skirmisher
40:13 Bogsveigar
39:36 Elite Berserk
40:37 Conscription
40:54 Gambesons
41:10 Squires
40:55 Arson
42:21 Ring Archer Armor
42:07 Chain Mail Armor
41:35 Pikeman
44:16 Blast Furnace
43:37 Chain Barding Armor
48:26 Light Cavalry
51:29 Plate Mail Armor
52:40 Fortified Wall
53:31 Chemistry
52:52 Ballistics
52:29 Murder Holes
61:54 Onager
75:28 Capped Ram
77:23 Siege Ram
96:49 Block Printing
97:04 Heresy
LedgenP
0:48 Loom
11:50 Feudal Age
15:47 Castle Age
14:19 Double-Bit Axe
27:25 Wheelbarrow
27:05 Bow Saw
26:37 Horse Collar
31:08 Hand Cart
30:58 Heavy Plow
30:53 Stone Mining
30:55 Gold Mining
33:16 Padded Archer Armor
33:07 Fletching
34:20 Gold Shaft Mining
34:34 Leather Archer Armor
38:37 Imperial Age
36:15 Pikeman
36:55 Squires
36:40 Arson
40:00 Ring Archer Armor
39:25 Bodkin Arrow
39:33 Halberdier
40:18 Scale Mail Armor
40:28 Forging
40:51 Yeomen
41:41 Conscription
43:10 Elite Longbowman
43:56 Bracer
44:31 Iron Casting
44:12 Chain Mail Armor
47:08 Caravan
55:07 Blast Furnace
54:37 Plate Mail Armor
56:38 Plate Mail Armor
84:53 Light Cavalry
85:51 Scale Barding Armor
88:19 Chain Barding Armor
94:53 Plate Barding Armor
John Xina
0:53 Loom
11:53 Feudal Age
18:50 Castle Age
20:57 Horse Collar
33:02 Wheelbarrow
34:32 Heavy Plow
35:43 Fletching
37:15 Hand Cart
37:25 Double-Bit Axe
38:39 Bodkin Arrow
38:55 Padded Archer Armor
38:33 Elite Skirmisher
40:40 Leather Archer Armor
46:23 Imperial Age
47:44 Paper Money
46:51 Imperial Skirmisher
50:18 Bracer
50:49 Ring Archer Armor
51:00 Hoardings
51:39 Chemistry
50:47 Siege Engineers
51:08 Thumb Ring
51:23 Bow Saw
52:01 Elite Rattan Archer
56:36 Two-Man Saw
55:43 Sappers
58:01 Squires
57:21 Pikeman
58:40 Halberdier
61:40 Ballistics
61:32 Fortified Wall
61:18 Murder Holes
62:02 Arson
66:03 Crossbowman
67:06 Scale Mail Armor
67:17 Forging
75:12 Crop Rotation
Connection lost

Rejoining the realm…

Still unreachable

The connection could not be restored.

Session expired

The server has moved on; the page needs a fresh start.